 Dungeon Crawl Stone Soup version bcrawl-1.30.1 (webtiles) character file.

Game seed: 18357956237330193823

83194 Artagas the Ruffian (level 1, 0/14 HPs)
             Began as a Skeleton Martial Artist on Mar 14, 2021.
             Was a Follower of Wu Jian.
             Slain by a goblin
             ... wielding a +0 spear
              (1 damage)
             ... on level 1 of the Dungeon.
             The game lasted 00:01:05 (67 turns).

Artagas the Ruffian (Skeleton Martial Artist)         Turns: 67, Time: 00:01:06

Health: 0/14       AC:  2    Str: 17 (18) XL:     1   Next: 58%
Magic:  0/3        EV: 12    Int:  7      God:    Wu Jian [*.....]
Gold:   0          SH:  0    Dex: 11      Spells: 2/3 levels left

rFire    . . .     SeeInvis .     - Fists (8.3)
rCold    + . .     Gourm    .   (no shield)
rNeg     + + +     Faith    .   a - +0 robe
rPois    ∞         Spirit   +   (no helmet)
rElec    .         Reflect  .   (no cloak)
rCorr    .         Harm     .   (no gloves)
MR       .....                  (no boots)
Stlth    ++........             (no amulet)
HPRegen  0.04/turn              (no ring)
MPRegen  0.08/turn              (no ring)

@: no status effects
A: no food or potions, cold resistance 1, deterioration 1, negative energy
resistance 3, torment resistance, unbreathing, magic shield, sturdy frame 1,
spell healing
a: Wall Jump, Renounce Religion


You were on level 1 of the Dungeon.
You worshipped Wu Jian.
Wu Jian was aware of your devotion.
You were not hungry.

You visited 1 branch of the dungeon, and saw 1 of its levels.

Inventory:

Armour
 a - a +0 robe (worn)


   Skills:
 + Level 3.3 Fighting
 - Level 3.0 Dodging
 - Level 1.2 Stealth
 - Level 3.6 Unarmed Combat
 - Level 1.5 Spellcasting
 - Level 1.1 Hexes


You had 2 spell levels left.
You knew the following spells:

 Your Spells              Type           Power        Failure   Level  Hunger
a - Confusing Touch       Hex            #.......     26%         1    N/A
Your spell library was empty.

Dungeon Overview and Level Annotations

Branches:
Dungeon (1/12)

Altars:


Innate Abilities, Weirdness & Mutations

You do not eat or drink.
You are immune to poison.
Your flesh is cold resistant. (rC+)
Your body sometimes deteriorates upon taking damage.
You are immune to negative energy. (rN+++)
You are immune to unholy pain and torment.
You can survive without breathing.
When hurt, damage is shared between your health and your magic reserves.
Your movements are slightly less encumbered by armour. (ER -2)
Casting spells heals you.


Message History

Welcome, Artagas the Skeleton Martial Artist.
Will you prevail where others failed? Will you find the Orb of Zot?
The Council says: Follow the path of wisdom and battle!
Press m to set your skill training.
Press ? for a list of commands and other information.
Found a staircase leading out of the dungeon.
A jackal comes into view.
The jackal closely misses you.
You spin and attack the jackal.
You hit the jackal.
The jackal is heavily wounded.
The jackal closely misses you.
You spin and attack the jackal.
You barely miss the jackal.
The jackal is heavily wounded.
The jackal bites you.
You spin and attack the jackal.
You hit the jackal.
You kill the jackal!
The Council accepts your kill.
A kobold comes into view.
The kobold shouts!
You hit the kobold.
The kobold is moderately wounded.
The kobold barely misses you.
You spin and attack the kobold repeatedly.
You hit the kobold.
The kobold is severely wounded.
You closely miss the kobold.
The kobold is severely wounded.
The kobold closely misses you.
You spin and attack the kobold.
You hit the kobold.
You kill the kobold!
The Council accepts your kill.
A kobold comes into view.
The kobold moves out of view.
The kobold shouts!
The kobold throws a stone.
The stone misses you.
A rat comes into view.
A rat comes into view.
You barely miss the kobold.
A bat comes into view.
The kobold barely misses you.
The bat moves out of view.
You spin and attack the kobold.
You closely miss the kobold. The kobold hits you.
You spin and attack the kobold.
You barely miss the kobold.
A goblin comes into view. It is wielding a +0 spear.
The kobold barely misses you. The bat closely misses you.
You spin and attack the bat.
You barely miss the bat. The bat hits you. x2
You spin and attack the bat repeatedly.
You hit the bat.
You kill the bat!
The Council accepts your kill.
You spin and attack the kobold.
You barely miss the kobold. The kobold barely misses you.
The rat twitches its whiskers.
You spin and attack the kobold repeatedly.
You barely miss the kobold. x2; The kobold closely misses you.
You spin and attack the kobold.
You closely miss the kobold.
The goblin hits you from afar with a +0 spear.
The kobold hits you but does no damage.
You spin and attack the kobold.
You barely miss the kobold. The goblin misses you. The kobold hits you.
You hit the kobold.
You kill the kobold!
The Council accepts your kill.
You closely miss the rat. The rat bites you.
Casting: Confusing Touch (safe; 26% risk of failure)
Confirm with . or Enter, or press ? or * to list all spells.
Okay, then.
Casting: Confusing Touch (safe; 26% risk of failure)
Confirm with . or Enter, or press ? or * to list all spells.
You miscast Confusing Touch.
You are very lightly contaminated with residual magic.
Your skin glows momentarily.
The rat closely misses you.
You hit the rat.
You kill the rat!
The Council accepts your kill.
The goblin hits you from afar with a +0 spear.
* * * LOW HITPOINT WARNING * * *
The rat twitches its whiskers.
You spin and attack the rat repeatedly.
You hit the rat.
You kill the rat!
The Council accepts your kill.
A bat comes into view.
You lunge at the goblin.
You barely miss the goblin. The goblin hits you but does no damage.
You barely miss the goblin. The goblin hits you with a +0 spear.
* * * LOW HITPOINT WARNING * * *
Your body deteriorates!
You feel weakened.
You can't drink.
You hit the goblin. Your punch misses the goblin.
The goblin is moderately wounded.
The goblin closely misses you.
You barely miss the goblin.
The goblin is moderately wounded.
The goblin barely misses you.
You barely miss the goblin.
The goblin is moderately wounded.
Your magical contamination has completely faded away.
You closely miss the goblin.
The goblin is moderately wounded.
The goblin hits you with a +0 spear.
You die...

########
#.###############......#
...........b.....[.....+
#.....# #......#
#.###@###### #.$..%.# ..
#g#....# ......#
####.#.#.##.#######...#
...........#.##...##...#
.........†.........†...†
##...........##...######
...############.### #
#####P#P#P#P#P#.#
#.............#


You could see a goblin.

Vanquished Creatures
  A jackal (D:1)
  A bat (D:1)
  2 kobolds (D:1)
  2 rats (D:1)
6 creatures vanquished.

Notes
Turn   | Place    | Note
-------+----------+-------------------------------------------
     0 | D:1      | Artagas the Skeleton Martial Artist began the quest for the
                  | Orb.
     0 | D:1      | Reached XP level 1. HP: 14/14 MP: 3/3
    46 | D:1      | HP: 2/14 [goblin/+0 spear (3)]
    63 | D:1      | HP: 1/14 [goblin/+0 spear (2)]
    67 | D:1      | Slain by a goblin

Action                   || total
-------------------------++-------
Melee: Unarmed           ||    27
Invok: Whirlwind         ||    14
       Lunge             ||     1
Armor: Robe              ||     1
Dodge: Dodged            ||    14

Levels and vault maps discovered:
D:1:      minmay_arrival_plants_in_alcoves, layout_basic, minmay_split_cup_small

Table legend:
 A = Turns spent in this place as a percentage of turns spent in the entire game.
 B = Non-inter-level travel turns spent in this place as a percentage of non-inter-level travel turns spent in the entire game.
 C = Inter-level travel turns spent in this place as a percentage of turns spent in this place.
 D = Turns resting spent in this place as a percentage of non-inter-level travel turns spent in this place.
 E = Turns spent auto-exploring this place as a percentage of non-inter-level travel turns spent in this place.
 F = Non-inter-level travel turns spent in this place divided by the number of levels of this place that you've seen.
                   A       B       C       D       E      F
               +-------+-------+-------+-------+-------+----------------------
         Total | 100.0 | 100.0 |   0.0 |   0.0 |   0.0 |  67.0
       Dungeon | 100.0 | 100.0 |   0.0 |   0.0 |   0.0 |  67.0
               +-------+-------+-------+-------+-------+----------------------

Table legend:
 A = Kills in this place as a percentage of kills in entire the game.
 B = Kills by you in this place as a percentage of kills by you in the entire game.
 C = Kills by friends in this place as a percentage of kills by friends in the entire game.
 D = Other kills in this place as a percentage of other kills in the entire game.
 E = Experience gained in this place as a percentage of experience gained in the entire game.
 F = Experience gained in this place divided by the number of levels of this place that you have seen.
                   A       B       C       D       E      F
               +-------+-------+-------+-------+-------+----------------------
         Total | 100.0 | 100.0 |   N/A |   N/A | 100.0 |   7.0
       Dungeon | 100.0 | 100.0 |   N/A |   N/A | 100.0 |   7.0
               +-------+-------+-------+-------+-------+----------------------
